 Dungeon Crawl Stone Soup version 0.19.5 (webtiles) character file.

21 Reinor the Ducker (level 2, -4/16 HPs)
             Began as a Spriggan Abyssal Knight on Apr 29, 2017.
             Was a Believer of Lugonu.
             Slain by a gnoll
             ... wielding a +0 spear
              (5 damage)
             ... on level 1 of the Dungeon.
             The game lasted 00:04:25 (1123 turns).

Reinor the Ducker (Spriggan Abyssal Knight)         Turns: 1123, Time: 00:04:26

Health: -4/16      AC:  2    Str:  8    XL:     2   Next: 65%
Magic:  4/4        EV: 18    Int: 13    God:    Lugonu [**....]
Gold:   71         SH:  0    Dex: 15    Spells: 0 memorised, 1 level left

rFire  . . .     SeeInvis +     a - +1 short sword
rCold  . . .     Gourm    .     b - +0 robe
rNeg   . . .     Faith    .     (shield restricted)
rPois  .         Spirit   .     (helmet restricted)
rElec  .         Reflect  .     (no cloak)
rCorr  .         Harm     .     (gloves unavailable)
MR     .....                    (boots unavailable)
Stlth  ++........               (no amulet)
                                (no ring)
                                (no ring)

@: very quick
A: unfitting armour, see invisible, herbivore 3, speed 3, low mp 1, slow
metabolism 2, MP-powered wands
a: Depart the Abyss, Bend Space, Renounce Religion


You were on level 1 of the Dungeon.
You worshipped Lugonu.
Lugonu was pleased with you.
You were not hungry.

You visited 1 branch of the dungeon, and saw 2 of its levels.
You visited the Abyss 1 time.

You collected 71 gold pieces.

Inventory:

Hand Weapons
 a - a +1 short sword (weapon)
Missiles
 m - 41 stones (quivered)
Armour
 b - a +0 robe (worn)
Scrolls
 d - 3 scrolls of recharging {unknown}
 e - 2 scrolls of identify {unknown}
 f - a scroll of blinking {unknown}
 g - a scroll of magic mapping {unknown}
 h - a scroll of remove curse {unknown}
 k - a scroll of random uselessness {unknown}
Potions
 i - a potion of cancellation {unknown}
 j - a potion of ambrosia {unknown}
 l - a potion of mutation {unknown}
Comestibles
 c - a bread ration


   Skills:
 - Level 2.4 Fighting
 + Level 2.6 Short Blades
 - Level 3.5 Dodging
 + Level 2.1 Stealth
 + Level 2.3 Invocations


You had one spell level left.
You didn't know any spells.

Dungeon Overview and Level Annotations

Branches:
Dungeon (2/15)

Altars:


Innate Abilities, Weirdness & Mutations

You are very small and have problems with some larger weapons.
You are too small for most types of armour.
You have supernaturally acute eyesight. (SInv)
You are a herbivore.
You cover ground extremely quickly.
You need consume almost no food.
Your magical capacity is low. (-10% MP)
You expend magic power (3 MP) to strengthen your wands.


Message History

There is a stone staircase leading up here.
The gnoll completely misses you. x2; The gnoll closely misses you.
You climb upwards.
There is a stone staircase leading down here.
Space bends around you!
You blink.
The gnoll misses you.
There is an open door here.
There is an escape hatch in the floor here.
You close the door.
There is an open door here.
You close the door.
You open the door.
There is an open door here.
There is an escape hatch in the floor here.
There is an open door here.
The gnoll hits you from afar with a spear.
The gnoll hits you with a spear!
* * * LOW HITPOINT WARNING * * *
You barely miss the gnoll. The gnoll barely misses you.
You hit the gnoll but do no damage. The gnoll hits you with a spear.
You die...

#...###..########
#.>.##.##'#######
####...#>###.......###
#......'## #....%..#..
#......###############
#..###..##......# #.#
#..#.......#.#(## #.#
#..#.#..####.#.####.#
#....@..# #.†......#
#.##g##.# ##...#####
#>......# ##.....##
####.######.......##
##...####.........###
#.......'.........'..
##...####.........###
#..## ##.>.....## #.##
##.....##


You could see a gnoll.

Vanquished Creatures
  A giant cockroach (D:1)
  3 goblins (D:1)
  A hobgoblin (D:1)
  4 jackals (D:1)
  5 bats (D:1)
  A frilled lizard (D:1)
  2 kobolds (D:1)
  4 rats (D:1)
21 creatures vanquished.

Notes
Turn   | Place    | Note
-------+----------+-------------------------------------------
     0 | Abyss:1  | Reinor the Spriggan Abyssal Knight began the quest for the Orb.
     0 | Abyss:1  | Reached XP level 1. HP: 11/11 MP: 3/3
    58 | Abyss:1  | Found a corrupted altar of Lugonu.
   109 | Abyss:1  | Noticed a neqoxec
   110 | Abyss:1  | Gained mutation: You expend magic power (3 MP) to strengthen your wands. [a neqoxec]
   111 | Abyss:1  | Found a corrupted altar of Lugonu.
   113 | Abyss:1  | Gained mutation: Your magical capacity is low. (-10% MP) [a neqoxec]
   118 | D:1      | Escaped the Abyss
   446 | D:1      | Reached skill level 1 in Stealth
   502 | D:1      | Reached XP level 2. HP: 15/16 MP: 4/4
   644 | D:1      | Reached ** piety under Lugonu
  1123 | D:1      | Slain by a gnoll

Skill      XL: |  1  2 |
---------------+-------+-----
Stealth        | 1 2 |  2.1
Invocations    | 2 |  2.3
Fighting       | |  2.4
Short Blades   | |  2.6
Dodging        | |  3.5

Action                   || total
-------------------------++-------
Melee: Short sword       ||    62
Invok: Bend Space        ||     1
 Stab: Sleeping          ||     3
Armor: Robe              ||     4
Dodge: Dodged            ||    51
